 Dungeon Sprint DCSS version 0.27-a0-34-gc18c9092ac (webtiles) character file.

Game seed: 16263800292804135440

490743 Zeldest the Axe Maniac (level 19, 199/199 HPs)
             Began as a Mummy Fighter on Jan 5, 2021.
             Was the Champion of Makhleb.
             Escaped with the Orb!
             The game lasted 00:14:28 (1377 turns).

Zeldest the Axe Maniac (Mummy Fighter)              Turns: 1377, Time: 00:14:29

Health: 199/199    AC: 35    Str: 29    XL:     19   Next: 28%
Magic:  19/19      EV: 12    Int:  8    God:    Makhleb [******]
Gold:   0          SH: 35    Dex: 12    Spells: 18/18 levels left

rFire    + . .     SeeInvis +   m - +14 obsidian axe {vorpal, +Fly SInv *Curse}
rCold    + + +     Faith    .   n - +18 shield of the Gong {rElec rN+ Will+ EV-5}
rNeg     + + +     Spirit   .   a - +5 gold dragon scales
rPois    ∞         Reflect  .   x - -2 hat of the Alchemist {rElec rPois rF+ rC+ rN+ Will+ rMut rCorr}
rElec    +         Harm     .   (no cloak)
rCorr    +         Rampage  +   J - +2 pair of gloves {Str+3}
rMut     +         NoTele   +   E - +2 pair of boots {rampage}
Will     ++++.                  H - amulet of Vitality {Regen+ HP+15}
Stlth    ..........             B - ring of Zohi {+Blink rC+ rN+ SInv Stlth-}
HPRegen  0.83/turn              A - ring of Ohonitze {rC- Slay+5 Stlth-}
MPRegen  0.16/turn

@: no status effects
A: no potions, fire vulnerability, cold resistance 1, negative energy resistance
3, torment resistance, unbreathing, in touch with death 1
0: Orb of Zot
a: Renounce Religion, Evoke Blink, Evoke Flight, Minor Destruction, Lesser
Servant of Makhleb, Major Destruction, Greater Servant of Makhleb


You escaped.
You worshipped Makhleb.
Makhleb was exalted by your worship.
You visited 1 branch

Inventory:

Hand Weapons
 b - a +9 broad axe of freezing
 m - the +14 obsidian axe (weapon) {vorpal, +Fly SInv *Curse}
   (You found it in the Dungeon)

   It inflicts extra damage upon your enemies.
   It lets you see invisible.
   It lets you fly.
   It curses itself when equipped.
Armour
 a - +5 gold dragon scales (worn)
 n - the +18 shield of the Gong (worn) {rElec rN+ Will+ EV-5}
   (You found it in the Dungeon)

   It affects your evasion (-5).
   It insulates you from electricity.
   It protects you from negative energy.
   It affects your willpower, your defense against some magical effects.
 t - the +2 robe of Vines {NoPotionHeal Regen+7}
   (You found it in the Dungeon)

   It increases your rate of regeneration.
 x - the -2 hat of the Alchemist (worn) {rElec rPois rF+ rC+ rN+ Will+ rMut rCorr}
   (You found it in the Dungeon)

   It protects you from fire.
   It protects you from cold.
   It insulates you from electricity.
   It protects you from poison.
   It protects you from negative energy.
   It affects your willpower, your defense against some magical effects.
   It provides partial protection from all sources of acid and corrosion.
   It protects you from mutation.
 E - a +2 pair of boots of rampaging (worn)
 G - a +1 pair of gloves of dexterity
 J - a +2 pair of gloves of strength (worn)
Jewellery
 o - a +4 ring of slaying
 q - a +6 ring of strength
 r - a +6 ring of strength
 u - the ring of Ypaeff {Ice rN+ Str+6 Dex+2}
   (You found it in the Dungeon)

   [ring of ice]

   It enhances your ice magic.
   It affects your strength (+6).
   It affects your dexterity (+2).
   It makes you vulnerable to fire.
   It protects you from cold.
   It protects you from negative energy.
 z - an uncursed ring of magical power
 A - the ring of Ohonitze (right hand) {rC- Slay+5 Stlth-}
   (You found it in the Dungeon)

   [ring of attention]

   It affects your accuracy and damage with ranged weapons and melee attacks
   (+5).
   It makes you vulnerable to cold.
   It makes you less stealthy.
 B - the ring of Zohi (left hand) {+Blink rC+ rN+ SInv Stlth-}
   (You found it in the Dungeon)

   [ring of attention]

   It protects you from cold.
   It protects you from negative energy.
   It lets you see invisible.
   It lets you blink.
   It makes you less stealthy.
 C - an uncursed amulet of guardian spirit
 D - an uncursed ring of fire
 F - an uncursed amulet of magic regeneration
 H - the amulet of Vitality (around neck) {Regen+ HP+15}
   (You found it in the Dungeon)

   [amulet of regeneration]

   It affects your health (+15).
   It increases your rate of regeneration.
 I - the ring "Ninopnuk" {rCorr Int+2}
   (You found it in the Dungeon)

   [ring of resist corrosion]

   It affects your intelligence (+2).
   It provides partial protection from all sources of acid and corrosion.
Wands
 i - a wand of disintegration (7)
 j - a wand of iceblast (7)
 k - a wand of acid (7)
Scrolls
 c - 4 scrolls of amnesia
 d - 3 scrolls of blinking
 e - 7 scrolls of fog
 f - 5 scrolls of identify
 g - 4 scrolls of remove curse
 h - 2 scrolls of fear
 K - a scroll of brand weapon
Miscellaneous
 l - a lightning rod (4/4)
 p - a box of beasts
 s - a tin of tremorstones (2/2)
 v - a phantom mirror
 w - a condenser vane (quivered)
 y - a box of beasts


   Skills:
 + Level 25.2 Fighting
 O Level 27 Axes
 + Level 22.0 Armour
 + Level 21.9 Dodging
 + Level 22.0 Shields
 + Level 21.9 Evocations


You had 18 spell levels left.
You didn't know any spells.
Your spell library contained the following spells:

 Spells                   Type           Power        Failure   Level
 Corpse Rot               Necr/Air       N/A          99%         2
 Dispel Undead            Necr           0%           100%        4
 Agony                    Necr           0%           100%        5
 Excruciating Wounds      Necr           0%           100%        5
 Sublimation of Blood     Necr           Unusable     N/A         2

Dungeon Overview and Level Annotations

Branches:
Dungeon (1/1)

Altars:
Ashenzari
Cheibriados
Dithmenos
Elyvilon
Fedhas
Gozag
Hepliaklqana
Kikubaaqudgha
Makhleb
Nemelex Xobeh
Okawaru
Qazlal
Ru
Sif Muna
Trog
Uskayaw
Vehumet
Wu Jian
Xom
Yredelemnul
Zin
The Shining One
Beogh
Jiyva
Lugonu


Innate Abilities, Weirdness & Mutations

You do not drink.
Your flesh is vulnerable to fire.
You are immune to poison.
Your flesh is cold resistant. (rC+)
You are immune to negative energy. (rN+++)
You are immune to unholy pain and torment.
You can survive without breathing.
You are in touch with the powers of death.


Message History

Lightning arcs down from a storm cloud!
Lightning arcs down from a storm cloud!
You see here a +3 vorpal spear.
K - a scroll of brand weapon You see here an uncursed staff of earth.
You see here a +2 ring mail of poison resistance.
You see here a box of beasts.
You see here a book of Ice.
There is a transporter here.
An exit appears before you!
You enter the transporter and appear at another place.
Found the Orb of Zot.
Found a staircase leading out of the dungeon.
You see here the Orb of Zot.
You pick up the Orb of Zot!
The Orb lets out a hideous shriek!
The lords of Pandemonium are not amused.
Beware!
Now all you have to do is get back out of the dungeon!
There is a staircase leading out of the dungeon here.
You can't go down here!
You have escaped!

)≈()†.≈)..≈≈▓..▓.......▓..▓...8©8
.)))))≈≈≈..≈▓. ▓▓.....▓▓▓.▓..=[:|
.))≈).†...≈.▓..▓.......▓..▓..[:==
.≈())≈..≈≈≈≈▓.............▓......
.≈≈≈(.....≈≈▓......©......▓......
..≈.≈.≈.≈≈≈≈▓▓▓▓▓▓▓▓▓▓▓▓▓▓▓......
▓..(≈.(≈▓≈≈.▓8888888888888▓....††
▓▓.≈.≈.▓▓ ..▓8...........8▓.....†
▓..≈≈≈.≈▓.≈.▓8§.@3....©..8▓.▓.†..
.≈≈≈≈≈≈.≈≈..▓8...........8▓....©.
..≈.©≈≈≈≈≈.≈▓8888888888888▓▓▓▓▓▓▓
▓▓▓▓▓▓▓▓▓▓▓▓▓▓▓▓▓▓▓▓▓▓▓▓▓▓▓▓▓▓▓▓▓
.....8©8...... ▓........8©8.....


=)=)}[)|}))|)[ ▓.=|||}=|[)})=|:| =)|3[)}))))||| ▓..::}}|)}"):)::) [=:.:)::))))|}
▓.=|:}|=))")=})[| .............. ▓.5.....}:))).... You could see a friendly soul
eater (summoned).

Vanquished Creatures
  3 ancient liches (D)
  7 liches (D)
  2 deep elf blademasters (D)
  2 deep elf master archers (D)
  2 titans (D)
  12 acid blobs (D)
  A tentacled starspawn (D)
  7 shadow dragons (D)
  21 azure jellies (D)
  An orc warlord (D)
  5 deep elf sorcerers (D)
  9 stone giants (D)
  3 spriggan defenders (D)
  3 vampire knights (D)
  A deep elf annihilator (D)
  15 death oozes (D)
  3 merfolk impalers (D)
  6 deep elf high priests (D)
  7 great orbs of eyes (D)
  36 vault guards (D)
  11 yaktaur captains (D)
  7 spriggan air magi (D)
  4 merfolk aquamancers (D)
  4 dancing weapons (D)
  6 vampire magi (D)
  A satyr (D)
  2 spriggan berserkers (D)
  3 deep elf knights (D)
  5 skeletal warriors (D)
  A deep elf archer (D)
  A glowing orange brain (D)
  A spriggan druid (D)
  A sea snake (D)
  4 necromancers (D)
  2 orc sorcerers (D)
  3 cyclopes (D)
  2 manticores (D)
  6 shining eyes (D)
  9 deep elf magi (D)
  A merfolk siren (D)
  A water nymph (D)
  17 eyes of devastation (D)
  A torpor snail (D)
  A naga mage (D)
  2 black mambas (D)
  A rime drake (D)
  4 cane toads (D)
  2 komodo dragons (D)
  9 yaktaurs (D)
  A guardian mummy (D)
  A troll (D)
  2 polar bears (D)
  A jumping spider (D)
  4 merfolk (D)
  37 slime creatures (D)
  A raiju (D)
  4 small abominations (D)
  2 vampires (D)
  A water elemental (D)
  2 wyverns (D)
  5 yaks (D)
  2 large abominations (D)
  5 shadows (D)
  4 golden eyes (D)
  A basilisk (D)
  A warg (D)
  2 nagas (D)
  9 water moccasins (D)
  5 floating eyes (D)
  A hell hound (D)
  An ice beast (D)
  A black bear (D)
  4 necrophages (D)
  3 orc warriors (D)
  5 eyes of draining (D)
  A wolf (D)
  3 centaurs (D)
  2 earth elementals (D)
  2 scorpions (D)
  7 wights (D)
  A crimson imp (D)
  A quasit (D)
  An iron imp (D)
  10 jellies (D)
  5 orc priests (D)
  2 orc wizards (D)
  2 mummies (D)
  An adder (D)
  3 shadow imps (D)
  2 white imps (D)
  An ufetubus (D)
  2 oozes (D)
  4 adder skeletons (D)
  2 adder zombies (D)
  An orc (D)
  6 bat skeletons (D)
  2 bat zombies (D)
  5 giant cockroach zombies (D)
  2 leopard gecko skeletons (D)
  A quokka zombie (D)
  5 crawling corpses (D)
  2 starspawn tentacles (D)
439 creatures vanquished.

Vanquished Creatures (collateral kills)
  2 ancient liches (D)
  A lich (D)
  2 acid blobs (D)
  2 krakens (D)
  A tentacled starspawn (D)
  A shadow dragon (D)
  4 azure jellies (D)
  A deep elf sorcerer (D)
  A stone giant (D)
  2 slime creatures (D)
  3 merfolk impalers (D)
  2 death oozes (D)
  A deep elf high priest (D)
  A spriggan air mage (D)
  12 vault guards (D)
  2 merfolk aquamancers (D)
  A wretched star (D)
  A skeletal warrior (D)
  A deep elf mage (D)
  A harpy (D)
  A cyclops (D)
  A worldbinder (D)
  A shining eye (D)
  A merfolk siren (D)
  An apocalypse crab (D)
  A cane toad (D)
  An eye of devastation (D)
  A komodo dragon (D)
  A yaktaur (D)
  A rime drake (D)
  A troll (D)
  An ice devil (D)
  A polar bear (D)
  A jumping spider (D)
  A merfolk (D)
  A snapping turtle (D)
  A flying skull (D)
  4 golden eyes (D)
  A naga (D)
  A water moccasin (D)
  An ice beast (D)
  A wolf (D)
  A centaur (D)
  A jelly (D)
  An orc wizard (D)
  A mummy (D)
  A shadow imp (D)
  An adder zombie (D)
  A bat skeleton (D)
  A jackal (D)
  A ball python (D)
  A starspawn tentacle (D)
  6 tentacles (D)
83 creatures vanquished.

Vanquished Creatures (others)
  3 liches (D)
  A dancing weapon (D)
  A manticore (D)
  A wolf (D)
  A jelly (D)
  3 starspawn tentacles (D)
  5 tentacles (D)
15 creatures vanquished.

Grand Total: 537 creatures vanquished

Notes
Turn   | Place    | Note
-------+----------+-------------------------------------------
     0 | D        | Zeldest the Mummy Fighter began the quest for the Orb.
     0 | D        | Reached XP level 1. HP: 18/18 MP: 1/1
    16 | D        | Found a blossoming altar of Fedhas.
    17 | D        | Found the +6 Majin-Bo {vamp, MP+6 Int+6}
    17 | D        | Found the +9 heavy crossbow "Sniper" {vorpal, Acc+∞ SInv}
    17 | D        | Found the +10 dark maul {vorpal}
    17 | D        | Found the +15 Maxwell's patent armour {-Cast -Tele rElec
                  | Will+ rCorr}
    17 | D        | Found the +18 shield of the Gong {rElec rN+ Will+ EV-5}
    17 | D        | Found the cursed +14 obsidian axe {vorpal, +Fly SInv
                  | *Curse}
    17 | D        | Found the +7 great mace "Firestarter" {inner flame, rF++}
    17 | D        | Found the +6 shillelagh "Devastator" {shatter}
    17 | D        | Found the +11 plutonium sword {*Contam Stlth-}
    17 | D        | Found the +8 lance "Wyrmbane" {slay drac, rPois rF+ rC+
                  | AC+3}
    17 | D        | Found the +9 sword of Zonguldrok {reap}
    17 | D        | Found the cursed +13 scythe of Curses {drain, *Curse}
    17 | D        | Found the +5 sword of Power {vorpal}
    17 | D        | Found the +7 mace of Variability {chain chaos}
    17 | D        | Found the +7 Singing Sword {vorpal, sonic wave}
    17 | D        | Found the +8 storm bow {elec, penet}
    17 | D        | Found a viscous altar of Jiyva.
    17 | D        | Found a hazy altar of Hepliaklqana.
    17 | D        | Found a transporter.
    17 | D        | Found an opulent altar of Gozag.
    17 | D        | Found an ancient bone altar of Kikubaaqudgha.
    17 | D        | Found a corrupted altar of Lugonu.
    21 | D        | Found a burning altar of Makhleb.
    22 | D        | Found a sacrificial altar of Ru.
    22 | D        | Found a shimmering blue altar of Sif Muna.
    22 | D        | Found a stormy altar of Qazlal.
    22 | D        | Found a bloodstained altar of Trog.
    22 | D        | Found an iron altar of Okawaru.
    22 | D        | Found a sparkling altar of Nemelex Xobeh.
    66 | D        | Became a worshipper of Makhleb the Destroyer
    73 | D        | Entered arena 2.
    73 | D        | Noticed a golden eye
    73 | D        | Found a transporter.
    76 | D        | Reached skill level 2 in Axes
    99 | D        | Killed a golden eye
   100 | D        | Reached skill level 5 in Fighting
   100 | D        | Reached skill level 3 in Axes
   100 | D        | Reached XP level 2. HP: 27/27 MP: 2/2
   100 | D        | Reached XP level 3. HP: 33/33 MP: 3/3
   100 | D        | Reached XP level 4. HP: 39/39 MP: 4/4
   100 | D        | Reached XP level 5. HP: 44/44 MP: 5/5
   106 | D        | Entered arena 3.
   106 | D        | Noticed a wolf
   106 | D        | Noticed a wolf
   106 | D        | Found a transporter.
   108 | D        | Killed a wolf
   108 | D        | Reached * piety under Makhleb
   109 | D        | Reached skill level 4 in Axes
   109 | D        | Killed a wolf
   110 | D        | Reached skill level 5 in Armour
   110 | D        | Reached skill level 5 in Shields
   110 | D        | Reached XP level 6. HP: 53/53 MP: 6/6
   116 | D        | Entered arena 4.
   116 | D        | Noticed a jumping spider
   116 | D        | Noticed a jumping spider
   116 | D        | Found a transporter.
   118 | D        | Killed a jumping spider
   118 | D        | Reached ** piety under Makhleb
   119 | D        | Reached skill level 5 in Axes
   119 | D        | Reached skill level 5 in Evocations
   120 | D        | Reached XP level 7. HP: 60/60 MP: 7/7
   122 | D        | Reached skill level 6 in Axes
   122 | D        | Killed a jumping spider
   128 | D        | Entered arena 5.
   128 | D        | Noticed an apocalypse crab
   128 | D        | Noticed a tentacled starspawn
   128 | D        | Noticed a worldbinder
   128 | D        | Found a transporter.
   131 | D        | Killed a worldbinder
   131 | D        | Reached *** piety under Makhleb
   132 | D        | HP: 3/63 [tentacled starspawn (14)]
   134 | D        | Killed a tentacled starspawn
   135 | D        | Reached skill level 7 in Axes
   135 | D        | Reached XP level 8. HP: 4/72 MP: 8/8
   135 | D        | Reached XP level 9. HP: 4/78 MP: 9/9
   136 | D        | Killed an apocalypse crab
   136 | D        | Reached **** piety under Makhleb
   137 | D        | Reached skill level 10 in Fighting
   137 | D        | Reached skill level 8 in Axes
   454 | D        | Entered arena 6.
   454 | D        | Found a transporter.
   455 | D        | Found the +2 robe of Vines {NoPotionHeal Regen+7}
   456 | D        | Noticed a rust devil
   469 | D        | Entered arena 7.
   469 | D        | Noticed a naga mage
   470 | D        | Found a transporter.
   472 | D        | Reached ***** piety under Makhleb
   477 | D        | Killed a naga mage
   490 | D        | Entered arena 8.
   490 | D        | Noticed a guardian mummy
   491 | D        | Found a transporter.
   496 | D        | Killed a guardian mummy
   496 | D        | Reached ****** piety under Makhleb
   498 | D        | Reached skill level 9 in Axes
   503 | D        | Got the ring of Jepneem {+Fly MP+9}
   506 | D        | Entered arena 9.
   507 | D        | Found the -2 hat of the Alchemist {rElec rPois rF+ rC+ rN+
                  | Will+ rMut rCorr}
   507 | D        | Found a transporter.
   540 | D        | Entered arena 10.
   540 | D        | Noticed a cyclops
   540 | D        | Noticed a merfolk
   540 | D        | Noticed a merfolk
   540 | D        | Noticed a cyclops
   540 | D        | Noticed a merfolk
   541 | D        | Found the +27 Lear's hauberk
   541 | D        | Found a transporter.
   545 | D        | Killed a cyclops
   546 | D        | Reached skill level 1 in Dodging
   546 | D        | Reached XP level 10. HP: 35/86 MP: 10/10
   547 | D        | Killed a cyclops
   573 | D        | Entered arena 11.
   573 | D        | Noticed a yaktaur captain
   573 | D        | Noticed a yaktaur captain
   573 | D        | Noticed a cyclops
   573 | D        | Noticed a yaktaur captain
   573 | D        | Noticed a yaktaur captain
   573 | D        | Noticed a yaktaur captain
   575 | D        | Found a transporter.
   577 | D        | Killed a cyclops
   578 | D        | Reached skill level 10 in Axes
   580 | D        | Killed a yaktaur captain
   581 | D        | Killed a yaktaur captain
   582 | D        | Reached skill level 10 in Armour
   582 | D        | Reached skill level 10 in Shields
   582 | D        | Killed a yaktaur captain
   582 | D        | Killed a yaktaur captain
   583 | D        | Reached skill level 11 in Axes
   583 | D        | Reached XP level 11. HP: 95/95 MP: 11/11
   583 | D        | Killed a yaktaur captain
   584 | D        | Reached skill level 5 in Dodging
   584 | D        | Reached skill level 10 in Evocations
   605 | D        | Entered arena 12.
   605 | D        | Noticed a vampire mage
   605 | D        | Noticed a skeletal warrior
   606 | D        | Identified the +4 quarterstaff of Bomef {vorpal, Dex+7}
   606 | D        | Noticed a vampire knight
   607 | D        | Identified the cursed +0 shortbow "Kimio" {vorpal, Int-5
                  | Dex+4}
   607 | D        | Found a transporter.
   611 | D        | Killed a vampire mage
   616 | D        | Killed a skeletal warrior
   617 | D        | Killed a vampire knight
   618 | D        | Reached skill level 12 in Axes
   629 | D        | Entered arena 13.
   631 | D        | Found a transporter.
   645 | D        | Got the ring "Emifybb" {+Fly AC+4 Dex+4}
   653 | D        | Entered arena 14.
   654 | D        | Noticed a skeletal warrior
   655 | D        | Noticed a skeletal warrior
   656 | D        | Found a transporter.
   663 | D        | Killed a skeletal warrior
   670 | D        | Killed a skeletal warrior
   675 | D        | Got the ring of Ohonitze {rC- Slay+5 Stlth-}
   694 | D        | Entered arena 15.
   695 | D        | Noticed an orc warlord
   696 | D        | Found the ring of the Octopus King {rCorr AC+1 EV+1 Str+1
                  | Int+1 Dex+1}
   696 | D        | Noticed an orc sorcerer
   696 | D        | Identified the ring "Kyfije Ruun" {rPois rN+}
   696 | D        | Noticed an orc sorcerer
   698 | D        | Found a transporter.
   700 | D        | Reached XP level 12. HP: 105/105 MP: 12/12
   701 | D        | Reached skill level 13 in Axes
   706 | D        | Killed an orc warlord
   722 | D        | Got a ring of the Octopus King {rCorr AC+1 EV+1 Str+1 Int+1
                  | Dex+1}
   726 | D        | Entered arena 16.
   727 | D        | Noticed a deep elf high priest
   727 | D        | Noticed a deep elf high priest
   727 | D        | Noticed a deep elf high priest
   727 | D        | Noticed a deep elf blademaster
   727 | D        | Noticed a deep elf high priest
   727 | D        | Noticed a deep elf master archer
   728 | D        | Noticed a deep elf blademaster
   728 | D        | Noticed a deep elf sorcerer
   728 | D        | Noticed a deep elf sorcerer
   728 | D        | Noticed a deep elf high priest
   729 | D        | Found a transporter.
   734 | D        | Killed a deep elf master archer
   734 | D        | Killed a deep elf high priest
   735 | D        | Killed a deep elf sorcerer
   736 | D        | Killed a deep elf blademaster
   736 | D        | Killed a deep elf high priest
   737 | D        | Reached skill level 14 in Axes
   737 | D        | Killed a deep elf blademaster
   737 | D        | Killed a deep elf high priest
   737 | D        | Killed a deep elf sorcerer
   738 | D        | Gained mutation: You are in touch with the powers of death.
                  | [Mummy growth]
   738 | D        | Reached XP level 13. HP: 94/113 MP: 13/13
   757 | D        | Got the ring of Zohi {+Blink rC+ rN+ SInv Stlth-}
   772 | D        | Entered arena 17.
   775 | D        | Noticed a lich
   775 | D        | Noticed a tentacled starspawn
   776 | D        | Identified the ring "Niomyed" {rC+ Dex+6}
   777 | D        | Found a transporter.
   780 | D        | Killed a tentacled starspawn
   781 | D        | Reached skill level 15 in Axes
   787 | D        | Killed a lich
   800 | D        | Entered arena 18.
   803 | D        | Noticed an ancient lich
   803 | D        | Noticed an ancient lich
   806 | D        | Found a transporter.
   811 | D        | Reached skill level 15 in Fighting
   811 | D        | Reached skill level 10 in Dodging
   812 | D        | Killed an ancient lich
   813 | D        | Reached skill level 16 in Axes
   814 | D        | Killed an ancient lich
   815 | D        | Reached XP level 14. HP: 124/124 MP: 12/14
   821 | D        | Entered arena 19.
   824 | D        | Noticed an azure jelly
   825 | D        | Noticed an azure jelly
   825 | D        | Noticed an azure jelly
   826 | D        | Found a transporter.
   832 | D        | Killed an azure jelly
   833 | D        | Killed an azure jelly
   834 | D        | Reached skill level 17 in Axes
   835 | D        | Killed an azure jelly
   854 | D        | Entered arena 20.
   859 | D        | Noticed a vampire knight
   859 | D        | Noticed a vampire knight
   859 | D        | Noticed a lich
   860 | D        | Identified the +3 morningstar of Psychosis {antimagic,
                  | Dex+9}
   861 | D        | Found a transporter.
   869 | D        | Killed a vampire knight
   872 | D        | Killed a vampire knight
   873 | D        | Killed a lich
   884 | D        | Got the ring "Finaitri" {rF- Will+ MP+9 Dex+7 SInv}
   889 | D        | Entered arena 21.
   894 | D        | Noticed a deep elf sorcerer
   894 | D        | Identified the cursed +0 broad axe of the Endless March
                  | {flame, +Fly rC- Str+9}
   894 | D        | Noticed a deep elf sorcerer
   894 | D        | Identified the +5 rapier of the Glowing Seeker {elec, rC+
                  | Int+5}
   894 | D        | Noticed a deep elf master archer
   894 | D        | Identified the +6 halberd of Herphy {vamp, rC+ Int+5
                  | Stlth-}
   894 | D        | Noticed a deep elf sorcerer
   895 | D        | Noticed a deep elf sorcerer
   901 | D        | Reached skill level 18 in Axes
   902 | D        | Killed a deep elf sorcerer
   904 | D        | Reached XP level 15. HP: 129/134 MP: 2/15
   904 | D        | Killed a deep elf sorcerer
   907 | D        | Killed a deep elf master archer
   908 | D        | Reached skill level 15 in Armour
   908 | D        | Reached skill level 15 in Shields
   912 | D        | Killed a deep elf sorcerer
   915 | D        | Reached skill level 15 in Dodging
   915 | D        | Killed a deep elf sorcerer
   916 | D        | Reached skill level 15 in Evocations
   919 | D        | Found a transporter.
   932 | D        | Entered arena 22.
   937 | D        | Noticed a kraken
   938 | D        | Identified the ring "Gebromm" {rC+ Dex+4}
   938 | D        | Noticed a kraken
   939 | D        | Identified the +8 hand crossbow of Vuolach {elec, rPois
                  | Str+3}
   940 | D        | Found a transporter.
   943 | D        | Reached skill level 19 in Axes
   949 | D        | Killed a kraken
   950 | D        | Killed a kraken
   972 | D        | Entered arena 23.
   978 | D        | Noticed a lich
   978 | D        | Noticed a shadow dragon
   978 | D        | Noticed a shadow dragon
   978 | D        | Noticed a lich
   979 | D        | Noticed a shadow dragon
   979 | D        | Noticed a lich
   979 | D        | Noticed a lich
   979 | D        | Noticed a shadow dragon
   979 | D        | Identified the +9 great sword of Coyt {freeze, +Inv rN+
                  | SInv}
   980 | D        | Noticed a lich
   980 | D        | Noticed a titan
   981 | D        | Found a transporter.
   986 | D        | Reached skill level 20 in Axes
   986 | D        | Killed a lich
   990 | D        | Killed a titan
   991 | D        | Killed a shadow dragon
   992 | D        | Reached XP level 16. HP: 146/146 MP: 4/16
   992 | D        | Killed a lich
   995 | D        | Killed a lich
   996 | D        | Killed a shadow dragon
   998 | D        | Killed a shadow dragon
   998 | D        | Killed a lich
   999 | D        | Reached skill level 21 in Axes
  1000 | D        | Killed a shadow dragon
  1001 | D        | Killed a lich
  1009 | D        | Entered arena 24.
  1018 | D        | Found a transporter.
  1071 | D        | Got the ring of Ypaeff {Ice rN+ Str+6 Dex+2}
  1085 | D        | Entered arena 25.
  1092 | D        | Noticed an acid blob
  1092 | D        | Noticed an acid blob
  1093 | D        | Noticed an acid blob
  1093 | D        | Noticed an acid blob
  1094 | D        | Found the amulet of Vitality {Regen+ HP+15}
  1094 | D        | Found a transporter.
  1098 | D        | Killed an acid blob
  1099 | D        | Killed an acid blob
  1100 | D        | Reached skill level 22 in Axes
  1101 | D        | Killed an acid blob
  1105 | D        | Killed an acid blob
  1111 | D        | Reached XP level 17. HP: 151/157 MP: 4/17
  1125 | D        | Reached skill level 23 in Axes
  1147 | D        | Got the amulet "Okytec" {RegenMP SInv}
  1154 | D        | Got the ring "Miyrim" {Will+ Dex+2}
  1162 | D        | Entered arena 26.
  1172 | D        | Noticed an acid blob
  1172 | D        | Noticed an acid blob
  1173 | D        | Found a transporter.
  1177 | D        | Killed an acid blob
  1177 | D        | Noticed an acid blob
  1180 | D        | Killed an acid blob
  1188 | D        | Killed an acid blob
  1189 | D        | Reached skill level 24 in Axes
  1194 | D        | Got the ring "Ninopnuk" {rCorr Int+2}
  1198 | D        | Entered arena 27.
  1207 | D        | Noticed an acid blob
  1207 | D        | Noticed an acid blob
  1207 | D        | Noticed an acid blob
  1208 | D        | Found the +7 captain's cutlass {speed, disarm}
  1208 | D        | Noticed an acid blob
  1208 | D        | Noticed an acid blob
  1208 | D        | Noticed an acid blob
  1209 | D        | Found a transporter.
  1211 | D        | Noticed an acid blob
  1214 | D        | Killed an acid blob
  1215 | D        | Killed an acid blob
  1217 | D        | Killed an acid blob
  1217 | D        | Killed an acid blob
  1218 | D        | Reached XP level 18. HP: 170/170 MP: 6/18
  1219 | D        | Reached skill level 25 in Axes
  1291 | D        | Entered arena 28.
  1300 | D        | Noticed an ancient lich
  1300 | D        | Noticed an ancient lich
  1300 | D        | Noticed an ancient lich
  1300 | D        | Noticed a lich
  1301 | D        | Identified the ring "Duhoe" {rF- Str+4 Int+6 Dex+2}
  1301 | D        | Noticed a lich
  1301 | D        | Noticed a lich
  1302 | D        | Found a transporter.
  1312 | D        | Killed a lich
  1312 | D        | Killed an ancient lich
  1315 | D        | Noticed an Ice Fiend
  1316 | D        | Reached skill level 26 in Axes
  1317 | D        | Killed an ancient lich
  1317 | D        | Killed an ancient lich
  1324 | D        | Reached skill level 27 in Axes
  1324 | D        | Killed a lich
  1324 | D        | Killed a lich
  1325 | D        | Reached XP level 19. HP: 182/182 MP: 19/19
  1372 | D        | Got the Orb of Zot
  1377 | D        | Escaped with the Orb!

Illustrated notes

Levels and vault maps discovered:
D:        sprint_v [room_start, room_1, room_2, room_3, room_4, room_5, room_6,
          room_7, room_8, room_9, room_10, room_11, room_12, room_13, room_14,
          room_15, room_16, room_17, room_18, room_19, room_20, room_21,
          room_22, room_23, room_24, room_25, room_26, room_27]

Skill      XL: |  1  2  3  4  5  6  7  8  9 10 11 12 13 14 15 16 17 18 19 |
---------------+----------------------------------------------------------+-----
Axes           | 3 4 5 7 9 11 12 14 16 18 20 22 24 27 | 27.0
Fighting       | 5 6 7 9 10 12 13 14 15 17 19 20 22 24 25 | 25.2
Armour         | 4 5 6 8 9 10 11 12 13 14 16 18 19 21 22 | 22.0
Shields        | 4 5 6 8 9 10 11 12 13 14 16 18 19 21 22 | 22.0
Evocations     | 3 4 5 7 8 9 10 12 13 14 16 17 19 21 | 21.9
Dodging        | 1 4 6 8 12 14 16 17 19 21 | 21.9

Action                   |  1- 3 |  4- 6 |  7- 9 | 10-12 | 13-15 | 16-18 | 19-21 || total
-------------------------+-------+-------+-------+-------+-------+-------+-------++-------
Melee: Broad axe         |     8 |     4 |    24 |    47 |    84 |    99 |    22 ||   288
Evoke: Condenser vane    |       |       |     1 |     4 |     7 |     5 |       ||    17
       Tin of tremorston |       |       |       |     1 |       |     3 |       ||     4
  Use: Scroll            |       |       |       |     7 |     2 |       |       ||     9
 Stab: Distracted        |       |       |       |     3 |     1 |     4 |     1 ||     9
Armor: Gold dragon scale |       |     1 |    18 |    33 |   129 |   137 |     8 ||   326
Dodge: Dodged            |       |       |     1 |     5 |    38 |    58 |     5 ||   107
Block: Kite shield       |     1 |    12 |    24 |   114 |   216 |   262 |    33 ||   662

Table legend: (Time is in decaauts)
 A = Elapsed time spent in this place.
 B = Non-inter-level travel time spent in this place.
 C = Inter-level travel time spent in this place.
 D = Time resting spent in this place.
 E = Time spent auto-exploring this place.
 F = Levels seen in this place.
 G = Mean time per level.
                   A        B        C        D        E       F      G
               +--------+--------+--------+--------+--------+-----+--------+
         Total |   1356 |   1356 |      0 |    341 |      0 |   1 | 1356.0 |
       Dungeon |   1356 |   1356 |      0 |    341 |      0 |   1 | 1356.0 |
               +--------+--------+--------+--------+--------+-----+--------+

Top non-repeatable levels by time:
       D: 1356 daAuts
